 Dungeon Crawl Stone Soup version 0.21.0-22-g11d5b52 (webtiles) character file.

523722 Mgcat the Executioner (level 24, -24/214 HPs)
             Began as a Minotaur Fighter on Jan 18, 2018.
             Was a High Priest of Trog.
             Annihilated by a very large slime creature (46 damage)
             ... on level 3 of the Abyss.
             The game lasted 03:30:05 (66494 turns).

Mgcat the Executioner (Minotaur Fighter)           Turns: 66494, Time: 03:30:07

Health: -24/214    AC: 40    Str: 31    XL:     24   Next: 73%
Magic:  12/27      EV: 20    Int: -1 (8) God:    Trog [*****.]
Gold:   5192       SH:  0    Dex: 16    Spells: 25/25 levels left

rFire    + + .     SeeInvis +   u - +12 battleaxe of Luel {chop, *Noise rN+ SInv}
rCold    + . .     Gourm    .   (shield currently unavailable)
rNeg     + + .     Faith    +   o - +4 crystal plate armour
rPois    +         Spirit   .   (helmet unavailable)
rElec    .         Reflect  .   T - scarf {rC+ rF+}
rCorr    .         Harm     .   a - +2 pair of gloves of the Hurricane {rF+ Int+4 SInv}
MR       ++++.                  R - +1 pair of boots
Stlth    ..........             N - amulet of faith
HPRegen  1.45/turn              p - ring of Nuddapsi {rN+ MR+ SInv Stlth+}
MPRegen  0.20/turn              z - ring of Zumockuh {rPois Str+7 Stlth+}

@: berserk cooldown, regenerating, hasted and slowed, lost intelligence
A: retaliatory headbutt, horns 3, clumsy 1, dopey 1, frail 1
}: 2/15 runes: decaying, serpentine
a: Berserk, Trog's Hand, Brothers in Arms, Burn Spellbooks, Renounce Religion


You were on level 3 of the Abyss.
You worshipped Trog.
Trog was extremely pleased with you.
You were not hungry.

You visited 9 branches of the dungeon, and saw 43 of its levels.
You visited the Abyss 3 times.
You also visited: Trove and Sewer.

You collected 6962 gold pieces.
You spent 1770 gold pieces at shops.

Inventory:

Hand Weapons
 i - the +5 war axe "Laon" {drain, +Inv rN+ MR-}
   (Trog gifted it to you on level 3 of the Abyss)

   A truly terrible weapon, it drains the life of those it strikes.
   It protects you from negative energy.
   It affects your resistance to hostile enchantments.
   It lets you turn invisible.
 u - the +12 battleaxe of Luel (weapon) {chop, *Noise rN+ SInv}
   (Trog gifted it to you on level 1 of the Snake Pit)

   It inflicts extra damage upon your enemies.
   It protects you from negative energy.
   It lets you see invisible.
   It may make noises in combat.
 A - the +5 dire flail "Valuth" {venom, Str+4 Dex+6}
   (Trog gifted it to you on level 4 of the Depths)

   It poisons the flesh of those it strikes.
   It affects your strength (+4).
   It affects your dexterity (+6).
 G - the +8 flail of Defence by Offence {freeze, rF+ Int+3}
   (You found it on level 7 of the Dungeon)

   It has been specially enchanted to freeze those struck by it, causing extra
   injury to most foes and up to half again as much damage against particularly
   susceptible opponents.
   It can also slow down cold-blooded creatures.
   It affects your intelligence (+3).
   It protects you from fire.
 O - the +4 war axe "Nutigy" {flame, Stlth+}
   (Trog gifted it to you on level 2 of the Abyss)

   It has been specially enchanted to burn those struck by it, causing extra
   injury to most foes and up to half again as much damage against particularly
   susceptible opponents.
   Big, fiery blades are also staple armaments of hydra-hunters.
   It makes you more stealthy.
Missiles
 c - 34 tomahawks (quivered)
Armour
 a - the +2 pair of gloves of the Hurricane (worn) {rF+ Int+4 SInv}
   (You acquired it on level 5 of the Depths)

   It affects your intelligence (+4).
   It protects you from fire.
   It lets you see invisible.
 o - a +4 crystal plate armour (worn)
 s - a +2 hat
 x - the +0 hat of the Tundras {rF+ rCorr Int-4}
   (You acquired it on level 2 of the Swamp)

   It affects your intelligence (-4).
   It protects you from fire.
   It protects you from acid and corrosion.
 M - a +2 cloak of invisibility
 R - a +1 pair of boots (worn)
 T - a scarf of resistance (worn)
Jewellery
 l - an uncursed ring of magical power
 p - the ring of Nuddapsi (left hand) {rN+ MR+ SInv Stlth+}
   (You bought it in a shop on level 2 of the Orcish Mines)

   [ring of see invisible]

   It protects you from negative energy.
   It affects your resistance to hostile enchantments.
   It lets you see invisible.
   It makes you more stealthy.
 z - the ring of Zumockuh (right hand) {rPois Str+7 Stlth+}
   (You bought it in a shop on level 2 of the Vaults)

   [ring of poison resistance]

   It affects your strength (+7).
   It protects you from poison.
   It makes you more stealthy.
 N - an amulet of faith (around neck)
 P - the ring of Nido {rN+ MR+}
   (You found it on level 3 of the Abyss)

   [ring of protection from magic]

   It protects you from negative energy.
   It affects your resistance to hostile enchantments.
Wands
 F - a wand of iceblast (45)
 H - a wand of acid (21)
 K - a wand of digging (48)
 L - a wand of scattershot (8)
Scrolls
 b - 5 scrolls of fog
 g - 2 scrolls of summoning
 k - a scroll of brand weapon
 m - 19 scrolls of identify
 n - 19 scrolls of remove curse
 r - 3 scrolls of enchant weapon
 t - a scroll of teleportation
 y - 8 scrolls of magic mapping
 D - a scroll of enchant armour
 E - 7 scrolls of blinking
 S - 6 scrolls of fear
 U - 2 scrolls of holy word
Potions
 d - 14 potions of curing
 e - a potion of might
 h - 3 potions of ambrosia
 j - 6 potions of flight
 q - 7 potions of haste
 v - 2 potions of resistance
 w - 4 potions of invisibility
 B - 7 potions of cancellation
 I - a potion of heal wounds
 J - 3 potions of mutation
 Q - 5 potions of agility
Miscellaneous
 C - 2 phantom mirrors
Comestibles
 f - 31 rations


   Skills:
 + Level 24.0 Fighting
 - Level 26.7(27) Axes
 - Level 7.2(19.5) Maces & Flails
 + Level 24.0 Armour
 + Level 20.6 Dodging
   Level 6.1 Shields
 - Level 1.1 Spellcasting
 - Level 6.9 Evocations


You had 25 spell levels left.
You didn't know any spells.

Dungeon Overview and Level Annotations

Branches:
Dungeon (15/15)            Temple (1/1) D:7            Lair (6/6) D:10
  Swamp (4/4) Lair:4        Snake (4/4) Lair:2        Slime (0/5) Lair:5
    Orc (2/2) D:11            Elf (2/3) Orc:2        Vaults (4/5) D:13
  Crypt (0/3) Vaults:2     Depths (5/5) D:15            Zot (0/5) Depths:5

Altars:
Ashenzari
Cheibriados
Dithmenos
Elyvilon
Fedhas
Gozag
Hepliaklqana
Makhleb
Nemelex Xobeh
Ru
Sif Muna
Trog
Uskayaw
Vehumet
Wu Jian
Xom
The Shining One
Beogh

Shops:
D:10 (%   Orc:2 [?:=   Elf:2 =   Vaults:1 *   Vaults:2 =   Depths:1 [:=[
Depths:2 [*[

Portals:
Hell: Depths:1 Depths:2 Depths:3 Depths:5
Abyss: Depths:5
Pandemonium: Depths:3
Ziggurat: Depths:5

Annotations:
D:14 2 runed doors
Swamp:1 2 transporters
Swamp:2 exclusion: Roxanne, Roxanne
Snake:1 exclusion: ice statue
Depths:2 Mennas


Innate Abilities, Weirdness & Mutations

You reflexively headbutt those who attack you in melee.
You have a pair of large horns on your head.
You are clumsy. (Dex -2)
You are dopey. (Int -2)
You are frail. (-10% HP)


Message History

Unknown command.
Unknown command.
Unknown command.
Unknown command.
Unknown command.
Unknown command.
Unknown command.
You almost manage to decipher the scroll, but fail in this attempt.
A starcursed mass splits.
The glowing orange brain pulsates.
The thrashing horror tramples you but does no damage.
The thrashing horror misses you.
The large abomination hits you but does no damage.
The thrashing horror barely misses you. You furiously retaliate!
You headbutt the thrashing horror!
The thrashing horror tramples you but does no damage.
The large abomination barely misses you.
You furiously retaliate!
You headbutt the large abomination!
The very large slime creature hits you!!!
You die... . ..........##.#. # # .≈.....a*..+..# # #.....v...##..# #.#...xxG.#..# . ....GxxXhx..# ## ...X#X#hxxG . ###XXJXX####.. . # . # #J@XXXXX.. . #. . #.###X#X#XXX. #.. . . ... #X# XX...

# ....
#.##.#..
# . ..#
#).# ..#.
.. . .. #
..#...##.
.. ..###
.#### . .
..# . .
.#
#.###..
.#


You could see 9 starcursed masses, a spatial maelstrom, a very large slime
creature, a large slime creature, 2 glowing orange brains, 4 thrashing horrors,
7 large abominations, an eye of draining, 2 raiju, a soldier ant, 7 small
abominations and a lurking horror.

Vanquished Creatures
  Saint Roka (Snake:3)
  2 golden dragons
  the Enchantress (Depths:1)
  6 liches
  4 bone dragons
  Jorgrun (Depths:2)
  A hellephant (Abyss:3)
  A tentacled monstrosity (Abyss:2)
  Rupert (Orc:2)
  Asterion (Depths:3)
  A quicksilver dragon (Depths:5)
  A deep elf blademaster (Elf:2)
  17 tentacled starspawn
  A sphinx (Abyss:3)
  Gastronok (Lair:2)
  4 Executioners
  A kraken (Abyss:3)
  Donald (Vaults:2)
  A shadow dragon (Depths:5)
  A tengu reaver (Vaults:3)
  A thorn hunter (Swamp:3)
  7 nagarajas
  A revenant (Vaults:2)
  A daeva (Abyss:3)
  A draconian knight (Depths:5)
  3 fire giants
  14 vault wardens
  4 frost giants
  An iron dragon (Depths:5)
  An angel (Abyss:3)
  A deep elf sorcerer (Abyss:3)
  4 cacodemons (Abyss:3)
  3 spriggan defenders (Depths:1)
  A war gargoyle (Depths:4)
  2 reapers (Abyss:1)
  A ghoul (Abyss:3)
  4 balrugs
  A draconian shifter (Depths:5)
  9 very ugly things
  9 ironheart preservers
  11 stone giants
  An entropy weaver (Vaults:1)
  A black draconian (Abyss:3)
  2 grey draconians (Depths:5)
  2 deep elf demonologists
  3 green draconians
  3 vampire knights (Depths:2)
  2 white draconians (Depths:5)
  2 deep elf annihilators
  A lorocyproca (Abyss:1)
  A dire elephant (D:15)
  The ghost of Virusyak the Impaler, a journeyman MfGl of Hepliaklqana (Lair:5)
  Azrael (D:15)
  2 purple draconians (Depths:5)
  A yellow draconian (Abyss:3)
  4 spark wasps (Depths:1)
  A merfolk javelineer (Depths:5)
  7 ettins
  A deep elf death mage (Elf:2)
  A green death (Abyss:3)
  2 quicksilver dragon zombies (Abyss:3)
  15 yaktaur captains
  8 fire dragons
  3 jiangshi (Depths:3)
  11 great orbs of eyes
  29 hydras
  7 rakshasas
  2 spriggan air magi (Depths:1)
  15 naga warriors
  Erolcha (Orc:2)
  5 ice dragons
  5 vault guards (Vaults:3)
  4 ghost crabs
  Harold (D:12)
  10 anacondas
  8 death knights
  A merfolk avatar (Lair:6)
  9 centaur warriors
  13 alligators
  12 ogre magi
  46 two-headed ogres
  20 dancing weapons
  3 vampire magi
  6 deep troll earth magi
  2 tengu warriors (Depths:1)
  Urug (Orc:1)
  3 hell hogs (Abyss:3)
  7 deep troll shamans
  6 orc high priests (Orc:2)
  14 naga sharpshooters
  21 thrashing horrors (Abyss:3)
  A fire crab (Abyss:3)
  2 spriggan berserkers (Depths:1)
  15 wretched stars
  2 iron trolls
  10 deep elf knights
  3 sun demons
  8 skeletal warriors
  7 sixfirhies (Abyss:3)
  7 shock serpents
  A fire crab (shapeshifter) (Vaults:4)
  2 titan skeletons
  8 sea snakes (Snake:4)
  2 shadow wraiths
  4 salamander mystics
  3 unseen horrors
  12 deep trolls
  4 spatial maelstroms (Abyss:3)
  4 naga ritualists
  A swamp dragon (shapeshifter) (Vaults:4)
  4 glowing orange brains
  14 swamp dragons
  A shambling mangrove (Swamp:4)
  7 flayed ghosts
  An anaconda zombie (Abyss:3)
  6 phantasmal warriors
  10 deep elf archers
  6 necromancers
  A sphinx zombie (Depths:2)
  7 wizards
  A tengu zombie (Vaults:4)
  8 mana vipers
  2 harpies (Lair:6)
  20 orc knights
  A harpy (shapeshifter) (Vaults:3)
  6 orc sorcerers
  An orange crystal statue (Depths:4)
  7 ironbrand convokers
  An anaconda skeleton (Abyss:3)
  6 wolf spiders
  44 deep elf magi
  A fire giant zombie (Abyss:1)
  A faun (shapeshifter) (Depths:1)
  An orb spider (Abyss:3)
  51 ugly things
  7 cyclopes
  A shining eye (Abyss:2)
  A cyclops (shapeshifter) (Depths:2)
  3 manticores
  13 salamanders
  4 worldbinders
  A rust devil (Abyss:1)
  2 frost giant zombies
  10 guardian serpents
  2 centaur zombies
  20 elephants
  11 vault sentinels
  37 black mambas
  21 naga magi
  22 smoke demons
  2 guardian serpents (shapeshifter)
  5 apocalypse crabs
  6 orange demons
  14 spiny frogs
  4 gargoyles
  3 centaur skeletons
  6 rime drakes
  A spriggan zombie (Depths:2)
  5 komodo dragons
  2 kobold demonologists
  A spiny frog (shapeshifter) (Vaults:4)
  13 freezing wraiths
  4 efreet (Abyss:3)
  62 yaktaurs
  An anaconda simulacrum (Depths:4)
  17 ancient zymes
  A red devil (Depths:1)
  2 demonic crawlers (Abyss:3)
  9 hellwings
  8 trolls
  8 polar bears
  A merfolk (shapeshifter) (Vaults:2)
  3 tyrant leeches
  6 hornets
  2 wind drakes (shapeshifter)
  11 bog bodies
  29 blink frogs
  A slime creature (shapeshifter) (Vaults:3)
  28 raiju
  A fire giant simulacrum (Abyss:3)
  A dream sheep (shapeshifter) (Vaults:2)
  9 hippogriffs
  39 slime creatures
  A frost giant simulacrum (Depths:2)
  9 flying skulls (Abyss:3)
  2 centaur simulacra (D:14)
  3 vampires (Abyss:3)
  12 ynoxinuls
  9 shadows
  2 air elementals
  3 ettin skeletons
  2 redbacks
  101 starcursed masses
  3 fire elementals (D:15)
  4 spriggans
  11 water elementals
  15 wraiths
  8 wyverns
  A tarantella (Vaults:1)
  Eustachio (D:4)
  A golden eye (shapeshifter) (Abyss:3)
  28 yaks
  A steam dragon (shapeshifter) (Abyss:2)
  13 humans (D:13)
  Grum (Lair:1)
  4 fire bats
  5 hungry ghosts
  12 chaos spawn
  14 neqoxecs
  17 vampire mosquitoes
  18 swamp worms
  Menkaure (D:4)
  60 nagas
  14 insubstantial wisps
  3 spatial vortices (Abyss:3)
  11 wargs
  62 large abominations
  3 acid dragons
  13 hell hounds
  17 water moccasins
  A soldier ant (D:12)
  11 porcupines
  52 orc warriors
  20 swamp drakes
  5 ice beasts
  A spiny frog skeleton (Abyss:3)
  6 sky beasts
  3 black bears
  A swamp dragon zombie (Abyss:3)
  An ettin simulacrum (Vaults:2)
  5 eyes of draining
  32 ogres
  2 human zombies (Vaults:2)
  A necrophage (D:10)
  12 boggarts
  17 centaurs
  23 wolves
  12 crocodiles
  An elf skeleton (Vaults:4)
  7 big kobolds
  2 wyvern zombies
  17 bullfrogs
  A gnoll sergeant (D:12)
  2 earth elementals
  2 wyvern skeletons
  5 scorpions
  13 killer bees
  3 human simulacra
  6 wights
  6 howler monkeys
  3 electric eels
  10 crimson imps
  9 quasits
  2 bullfrog zombies
  5 hounds
  26 orc wizards
  4 gnoll shamans (D:6)
  6 jellies
  36 orc priests
  An iron imp (Abyss:3)
  Jessica (D:9)
  2 iguanas
  44 small abominations
  10 worker ants
  A hound skeleton (D:4)
  A hound zombie (D:4)
  14 adders
  33 gnolls
  3 river rats
  5 shadow imps
  4 white imps
  6 ufetubi
  3 worms
  A dart slug (D:1)
  4 leopard geckos
  103 orcs
  3 ball pythons
  3 giant cockroaches
  5 goblins
  9 hobgoblins
  36 jackals
  17 kobolds
  2 quokkas
  7 bats
  6 frilled lizards
  A giant cockroach zombie (D:5)
  A leopard gecko zombie (D:6)
  A quokka zombie (D:5)
  9 rats
  A fire vortex (Depths:3)
  A lurking horror (Abyss:1)
  5 plants
  16 starspawn tentacles
  3 tentacles (Abyss:3)
2437 creatures vanquished.

Vanquished Creatures (collateral kills)
  the Lernaean hydra (Swamp:4)
  A nagaraja (Snake:4)
  Aizul (Snake:3)
  An ettin (Abyss:3)
  A rakshasa (Abyss:3)
  A vault guard (D:13)
  A wretched star (Abyss:3)
  A sixfirhy (Abyss:3)
  A glowing orange brain (Abyss:3)
  2 large abominations (Abyss:3)
  A wizard (D:13)
  An ugly thing (Vaults:3)
  A cyclops (Orc:2)
  2 slime creatures (Abyss:3)
  A shining eye (Abyss:3)
  An efreet (Abyss:3)
  2 ancient zymes (Abyss:3)
  A tormentor (Abyss:3)
  A yaktaur (Vaults:1)
  A flying skull (Abyss:3)
  7 humans (D:13)
  An earth elemental (Abyss:3)
  6 starcursed masses (Abyss:3)
  2 small abominations (Abyss:3)
  A lurking horror (Abyss:3)
40 creatures vanquished.

Vanquished Creatures (others)
  A spriggan druid (Swamp:4)
  A deep elf mage (Elf:2)
  A small abomination (Abyss:1)
  A swamp worm (Swamp:2)
  An insubstantial wisp (Swamp:2)
  A starcursed mass (Abyss:3)
  An orc wizard (Snake:3)
  10 fungi
  4 lurking horrors (Abyss:3)
  37 plants
  25 starspawn tentacles
  7 tentacles (Abyss:3)
90 creatures vanquished.

Grand Total: 2567 creatures vanquished

Notes
Turn   | Place    | Note
-------+----------+-------------------------------------------
     0 | D:1      | Mgcat the Minotaur Fighter began the quest for the Orb.
     0 | D:1      | Reached XP level 1. HP: 19/19 MP: 0/0
   211 | D:1      | Reached XP level 2. HP: 27/27 MP: 1/1
   810 | D:1      | Reached skill level 3 in Axes
   810 | D:1      | Reached XP level 3. HP: 33/33 MP: 2/2
  1313 | D:2      | Found a white marble altar of Elyvilon.
  2054 | D:3      | Found a burning altar of Makhleb.
  2077 | D:3      | Reached XP level 4. HP: 23/41 MP: 3/3
  3024 | D:4      | Reached XP level 5. HP: 46/47 MP: 4/4
  3089 | D:4      | Noticed Menkaure
  3101 | D:4      | Killed Menkaure
  3101 | D:4      | Reached skill level 5 in Fighting
  3101 | D:4      | Reached skill level 4 in Axes
  3101 | D:4      | Reached skill level 5 in Armour
  3101 | D:4      | Reached skill level 5 in Shields
  3101 | D:4      | Reached XP level 6. HP: 44/56 MP: 5/5
  3119 | D:4      | Found a glowing drain.
  3134 | Sewer    | Entered a sewer
  3341 | Sewer    | Found a white marble altar of Elyvilon.
  3555 | D:4      | Reached skill level 5 in Axes
  3555 | D:4      | Reached XP level 7. HP: 44/62 MP: 6/6
  3730 | D:4      | Noticed Eustachio
  3737 | D:4      | Killed Eustachio
  3737 | D:4      | Reached skill level 1 in Spellcasting
  3806 | D:4      | Reached skill level 6 in Axes
  3971 | D:5      | Entered Level 5 of the Dungeon
  4040 | D:5      | Found a deep blue altar of Sif Muna.
  4148 | D:5      | Found a deep blue altar of Sif Muna.
  4363 | D:5      | Reached skill level 7 in Axes
  4920 | D:6      | Reached XP level 8. HP: 66/70 MP: 8/8
  5069 | D:6      | Reached skill level 8 in Axes
  5142 | D:6      | Identified the Catalogue of Excruciating Enchantment
  5618 | D:6      | Reached skill level 9 in Axes
  5624 | D:6      | HP: 3/70 [gnoll/enchanted halberd (8)]
  6022 | D:6      | Reached skill level 10 in Axes
  6530 | D:6      | Found a hazy altar of Hepliaklqana.
  6859 | D:7      | Reached skill level 11 in Axes
  6998 | D:7      | Reached XP level 9. HP: 34/75 MP: 9/9
  7246 | D:7      | Noticed a troll
  7252 | D:7      | Killed a troll
  7252 | D:7      | Reached skill level 12 in Axes
  7563 | D:7      | Got a jewelled flail
  7564 | D:7      | Identified the +8 flail of Defence by Offence {freeze, rF+ Int+3} (You found it on level 7 of the Dungeon)
  7581 | D:7      | Found a shattered altar of Ashenzari.
  7581 | D:7      | Found a shadowy altar of Dithmenos.
  7588 | D:7      | Found a snail-covered altar of Cheibriados.
  7590 | D:7      | Found a hide-covered altar of Uskayaw.
  7592 | D:7      | Found a shimmering altar of Xom.
  7641 | D:7      | Found a staircase to the Ecumenical Temple.
  7857 | Temple   | Entered the Ecumenical Temple
  7899 | Temple   | Became a worshipper of Trog the Wrathful
  8249 | D:8      | Noticed a two-headed ogre
  8259 | D:8      | Killed a two-headed ogre
  8259 | D:8      | Reached skill level 14 in Axes
  8815 | D:8      | Reached XP level 10. HP: 56/83 MP: 10/10
  8989 | D:8      | Reached * piety under Trog
  9665 | D:9      | Found a sacrificial altar of Ru.
  9727 | D:9      | Noticed a two-headed ogre
  9732 | D:9      | Killed a two-headed ogre
  9732 | D:9      | Reached skill level 15 in Axes
  9800 | D:9      | Found a sparkling altar of Nemelex Xobeh.
  9800 | D:9      | Noticed Jessica
  9807 | D:9      | Killed Jessica
 10028 | D:9      | Found a sparkling altar of Nemelex Xobeh.
 10030 | D:9      | Found a glowing golden altar of the Shining One.
 10032 | D:9      | Found an ornate altar of the Wu Jian Council.
 10256 | D:10     | Entered Level 10 of the Dungeon
 10312 | D:10     | Reached skill level 16 in Axes
 10401 | D:10     | Found Oliprapn's Food Shop.
 10503 | D:10     | Noticed a two-headed ogre
 10510 | D:10     | Killed a two-headed ogre
 10648 | D:10     | Found Fijireva's Weapon Shoppe.
 10684 | D:10     | Noticed a gargoyle
 10697 | D:10     | Killed a gargoyle
 10697 | D:10     | Reached ** piety under Trog
 10697 | D:10     | Reached skill level 17 in Axes
 11107 | D:10     | Found a staircase to the Lair.
 11435 | D:11     | Reached XP level 11. HP: 86/89 MP: 11/11
 11513 | D:11     | Found a staircase to the Orcish Mines.
 11518 | D:11     | Found a roughly hewn altar of Beogh.
 11875 | D:11     | Noticed a soul eater
 12108 | D:11     | Reached *** piety under Trog
 12259 | D:11     | Reached skill level 18 in Axes
 12725 | D:11     | Noticed a two-headed ogre
 12729 | D:11     | Killed a two-headed ogre
 12729 | D:11     | Reached skill level 19 in Axes
 12730 | D:11     | Noticed a death knight
 12741 | D:11     | Killed a death knight
 13404 | D:11     | Paralysed by a hornet for 2 turns
 13996 | Lair:1   | Entered Level 1 of the Lair of Beasts
 14022 | Lair:1   | Noticed Grum
 14040 | Lair:1   | Killed Grum
 14040 | Lair:1   | Reached **** piety under Trog
 14185 | Lair:1   | Reached XP level 12. HP: 86/95 MP: 12/12
 14321 | Lair:1   | Noticed a seven-headed hydra
 14331 | Lair:1   | Reached skill level 20 in Axes
 14336 | Lair:1   | Killed a seven-headed hydra
 15030 | Lair:1   | Noticed a five-headed hydra
 15040 | Lair:1   | Killed a five-headed hydra
 15360 | Lair:2   | Noticed Gastronok
 15752 | Lair:2   | Noticed a six-headed hydra
 15760 | Lair:2   | Killed a six-headed hydra
 15760 | Lair:2   | Reached skill level 21 in Axes
 16015 | Lair:2   | Got a smelly scale mail
 16026 | Lair:2   | Identified the +0 scale mail of Baldness {rN+} (You found it on level 2 of the Lair of Beasts)
 16423 | Lair:2   | Found a staircase to the Snake Pit.
 16563 | Lair:2   | Reached skill level 22 in Axes
 16657 | Lair:2   | Killed Gastronok
 16657 | Lair:2   | Reached XP level 13. HP: 86/102 MP: 13/13
 17080 | Lair:2   | Identified a scroll of acquirement
 17081 | Lair:2   | Got a brightly glowing ivory ring
 17083 | Lair:2   | Identified the ring of False Hope {rPois Str+2} (You acquired it on level 2 of the Lair of Beasts)
 18151 | Lair:4   | Reached ***** piety under Trog
 18251 | Lair:4   | Found a staircase to the Swamp.
 18422 | Lair:4   | Reached skill level 1 in Maces & Flails
 19417 | Lair:5   | Noticed Virusyak's ghost (journeyman MfGl)
 19636 | Lair:5   | Killed Virusyak's ghost
 19636 | Lair:5   | Reached skill level 1 in Evocations
 20063 | Lair:5   | Found a staircase to the Slime Pits.
 20352 | Lair:6   | Entered Level 6 of the Lair of Beasts
 20480 | Lair:6   | Received a gift from Trog
 20558 | Lair:6   | Reached skill level 5 in Maces & Flails
 21003 | Lair:6   | Reached XP level 14. HP: 94/118 MP: 15/15
 22095 | Orc:1    | Entered Level 1 of the Orcish Mines
 22104 | Orc:1    | Received a gift from Trog
 22104 | Orc:1    | Reached skill level 10 in Fighting
 22116 | Orc:1    | Reached skill level 10 in Armour
 22156 | Orc:1    | Found a roughly hewn altar of Beogh.
 22218 | Orc:1    | Noticed Urug
 22238 | Orc:1    | Killed Urug
 22520 | Orc:2    | Entered Level 2 of the Orcish Mines
 22642 | Orc:2    | Noticed Rupert
 22661 | Orc:2    | Killed Rupert
 22910 | Orc:2    | Found a staircase to the Elven Halls.
 23023 | Orc:2    | Received a gift from Trog
 23046 | Orc:2    | Reached skill level 5 in Evocations
 23568 | Orc:2    | Found Ucwoasmaed's Antique Armour Shop.
 24945 | Orc:2    | Found Enout's Book Shop.
 24945 | Orc:2    | Found Enkihyum's Jewellery Shop.
 24946 | Orc:2    | Found Ciusun's Magic Scroll Boutique.
 24956 | Orc:2    | Bought a scroll of blinking for 120 gold pieces
 24957 | Orc:2    | Bought the ring of Nuddapsi {rN+ MR+ SInv Stlth+} for 484 gold pieces
 25032 | Orc:2    | Noticed Erolcha
 25039 | Orc:2    | Killed Erolcha
 25346 | Orc:1    | Got a twisted battleaxe {god gift}
 25347 | Orc:1    | Identified the +1 battleaxe "Lapt" {venom, Str+8 Dex+3} (Trog gifted it to you on level 1 of the Orcish Mines)
 25605 | D:12     | Reached XP level 15. HP: 121/130 MP: 18/18
 25618 | D:12     | Received a gift from Trog
 26276 | D:12     | Noticed Harold
 26287 | D:12     | Killed Harold
 26797 | D:13     | Received a gift from Trog
 26813 | D:13     | Reached skill level 23 in Axes
 27222 | D:13     | Reached skill level 1 in Dodging
 27259 | D:13     | Cast into level 2 of the Abyss (a wizard)
 27259 | Abyss:2  | Found a corrupted altar of Lugonu.
 27309 | D:13     | Escaped the Abyss
 27981 | D:13     | Received a gift from Trog
 28089 | D:13     | Found a gate to the Vaults.
 28396 | D:14     | Found a large runed door.
 28396 | D:14     | Found a large runed door.
 29045 | D:15     | Entered Level 15 of the Dungeon
 29359 | D:15     | Noticed Azrael
 29380 | D:15     | Killed Azrael
 29626 | D:15     | Received a gift from Trog
 29659 | D:15     | Got a steaming war axe {god gift}
 29975 | D:15     | Found a portal to a secret trove of treasure.
 30034 | D:15     | Found a staircase to the Depths.
 30051 | D:15     | Reached skill level 5 in Dodging
 30171 | D:15     | Identified the +9 war axe of False Accusations {chop, Dex+3 Stlth+} (Trog gifted it to you on level 15 of the Dungeon)
 30363 | Snake:1  | Entered Level 1 of the Snake Pit
 30484 | Snake:1  | Reached XP level 16. HP: 124/143 MP: 20/20
 30903 | Snake:1  | Received a gift from Trog
 30906 | Snake:1  | Got a crude battleaxe {god gift}
 30907 | Snake:1  | Identified the +12 battleaxe of Luel {chop, *Noise rN+ SInv} (Trog gifted it to you on level 1 of the Snake Pit)
 31201 | Snake:1  | Reached ****** piety under Trog
 32883 | Snake:2  | Received a gift from Trog
 33125 | Snake:2  | Found a blossoming altar of Fedhas.
 33127 | Snake:2  | Got a bone hand axe
 33128 | Snake:2  | Identified the +3 hand axe "Daraugro" {distort, rElec rF+} (You found it on level 2 of the Snake Pit)
 34414 | Snake:3  | Reached skill level 24 in Axes
 34775 | Snake:3  | Noticed Aizul
 34787 | Snake:3  | Killed Aizul
 34873 | Snake:3  | Received a gift from Trog
 35107 | Snake:3  | Reached XP level 17. HP: 150/154 MP: 21/21
 35370 | Snake:3  | Noticed Saint Roka
 35385 | Snake:3  | Killed Saint Roka
 36264 | Snake:4  | Entered Level 4 of the Snake Pit
 36318 | Snake:4  | Received a gift from Trog
 36840 | Snake:4  | Reached skill level 15 in Fighting
 36915 | Snake:4  | Got a crystal trident
 37319 | Snake:4  | Reached skill level 15 in Armour
 38458 | Snake:4  | Reached skill level 10 in Dodging
 39057 | Snake:4  | Got a serpentine rune of Zot
 39263 | Swamp:1  | Entered Level 1 of the Swamp
 39481 | Swamp:1  | Found a glowing golden altar of the Shining One.
 39615 | Swamp:1  | Found a transporter.
 39813 | Swamp:1  | Found a transporter.
 39821 | Swamp:1  | Received a gift from Trog
 40592 | Swamp:2  | Reached XP level 18. HP: 166/166 MP: 22/22
 40644 | Swamp:2  | Got a polished hat
 40828 | Swamp:2  | Noticed Roxanne
 41388 | Swamp:3  | Received a gift from Trog
 41502 | Swamp:3  | Received a gift from Trog
 41808 | Swamp:3  | Received a gift from Trog
 41986 | Swamp:4  | Entered Level 4 of the Swamp
 42588 | Swamp:4  | Reached skill level 25 in Axes
 43240 | Swamp:4  | Noticed the 27-headed Lernaean hydra
 43563 | Swamp:4  | Got a decaying rune of Zot
 43631 | Swamp:4  | Killed the 26-headed Lernaean hydra
 44181 | Lair:1   | Identified the +0 hat of the Tundras {rF+ rCorr Int-4} (You acquired it on level 2 of the Swamp)
 44382 | Elf:1    | Entered Level 1 of the Elven Halls
 44630 | Elf:1    | Received a gift from Trog
 45211 | Elf:1    | Identified the Guide on Supportive Conjuration
 45803 | Elf:2    | Found Tuneug's Jewellery Emporium.
 45913 | Elf:2    | Received a gift from Trog
 45947 | Elf:2    | Found a runed gate.
 45947 | Elf:2    | Found a runed gate.
 45948 | Elf:2    | Found a runed gate.
 46034 | Elf:2    | Reached XP level 19. HP: 177/177 MP: 23/23
 46568 | Elf:2    | Received a gift from Trog
 47337 | Vaults:1 | Entered Level 1 of the Vaults
 47489 | Vaults:1 | Found Xunan's Assorted Antiques.
 47498 | Vaults:1 | Bought a scroll of blinking for 187 gold pieces
 48563 | Vaults:1 | Received a gift from Trog
 49083 | D:15     | You paid a toll of +2 fire dragon scales to enter a treasure trove
 49084 | Trove    | Entered a treasure trove
 49097 | Trove    | Got an ebony broad axe
 49104 | Trove    | Got a smoking war axe
 49114 | Trove    | Got a smoking spear
 49137 | D:15     | Identified the +6 broad axe of Gaozagu {vamp, rF+} (You found it in a treasure trove)
 49138 | D:15     | Identified the +6 war axe of the Shore {holy, +Blink rN+} (You found it in a treasure trove)
 49608 | Vaults:2 | Reached XP level 20. HP: 153/188 MP: 24/24
 49618 | Vaults:2 | Received a gift from Trog
 49618 | Vaults:2 | Reached skill level 26 in Axes
 49821 | Vaults:2 | Noticed Donald
 49828 | Vaults:2 | Killed Donald
 50405 | Vaults:2 | Received a gift from Trog
 50932 | Vaults:2 | Found Kaan's Jewellery Boutique.
 50935 | Vaults:2 | Bought the ring of Zumockuh {rPois Str+7 Stlth+} for 979 gold pieces
 51197 | Vaults:2 | Found a staircase to the Crypt.
 51569 | Vaults:3 | Received a gift from Trog
 52141 | Vaults:3 | Received a gift from Trog
 52176 | Vaults:3 | Reached skill level 15 in Dodging
 53220 | Vaults:4 | Reached XP level 21. HP: 197/198 MP: 25/25
 53546 | Vaults:4 | Received a gift from Trog
 54961 | Depths:1 | Entered Level 1 of the Depths
 55027 | Depths:1 | Noticed the Enchantress
 55049 | Depths:1 | Killed the Enchantress
 55406 | Depths:1 | Found Raduz's Armour Emporium.
 55407 | Depths:1 | Found Cech's Jewellery Shoppe.
 55407 | Depths:1 | Found Wucs's Book Emporium.
 55412 | Depths:1 | Found Emid's Armour Shoppe.
 56213 | Depths:1 | Found a gateway to Hell.
 56503 | Depths:1 | Received a gift from Trog
 56765 | Depths:2 | Noticed Jorgrun
 57019 | Depths:2 | Killed Jorgrun
 57236 | Depths:2 | Found Gozag's Antique Armour Shoppe.
 57285 | Depths:2 | Found an opulent altar of Gozag.
 57286 | Depths:2 | Noticed a golden dragon
 57290 | Depths:2 | Found Gozag's Assorted Antiques.
 57293 | Depths:2 | Found Gozag's Antique Armour Emporium.
 57463 | Depths:2 | Killed a golden dragon
 57463 | Depths:2 | Reached XP level 22. HP: 211/211 MP: 26/26
 57501 | Depths:2 | Received a gift from Trog
 58178 | Depths:3 | Noticed Asterion
 58188 | Depths:3 | Noticed Mennas
 58189 | Depths:3 | Killed Asterion
 58520 | Depths:3 | Found a one-way gate leading to the halls of Pandemonium.
 59180 | Depths:4 | Received a gift from Trog
 59186 | Depths:4 | Got a warped dire flail {god gift}
 59465 | Depths:4 | Lost intelligence.
 59592 | Depths:5 | Entered Level 5 of the Depths
 60037 | Depths:5 | Found a one-way gate to the infinite horrors of the Abyss.
 60672 | Depths:5 | Found a gateway to a ziggurat.
 61107 | Depths:5 | Noticed a golden dragon
 61114 | Depths:5 | Killed a golden dragon
 61128 | Depths:5 | Found a gate to the Realm of Zot.
 61405 | Depths:5 | Got a pair of slimy gloves
 61411 | Depths:5 | Identified the +2 pair of gloves of the Hurricane {rF+ Int+4 SInv} (You acquired it on level 5 of the Depths)
 61424 | Depths:5 | Voluntarily entered the Abyss.
 61577 | Abyss:1  | Received a gift from Trog
 61595 | Abyss:1  | Paralysed by accursed screaming for 1 turns
 61830 | Depths:5 | Escaped the Abyss
 62086 | Depths:5 | Voluntarily entered the Abyss.
 62267 | Abyss:1  | Reached XP level 23. HP: 222/222 MP: 27/27
 62350 | Abyss:1  | Received a gift from Trog
 62423 | Abyss:1  | Found a corrupted altar of Lugonu.
 62622 | Abyss:1  | Identified the +5 dire flail "Valuth" {venom, Str+4 Dex+6} (Trog gifted it to you on level 4 of the Depths)
 63077 | Abyss:2  | Received a gift from Trog
 63229 | Abyss:2  | Got an iridescent war axe {god gift}
 63344 | Abyss:3  | Paralysed by accursed screaming for 1 turns
 63534 | Abyss:3  | Received a gift from Trog
 63736 | Abyss:3  | Paralysed by accursed screaming for 1 turns
 63918 | Abyss:3  | Paralysed by a lich for 4 turns
 64026 | Abyss:3  | Received a gift from Trog
 64071 | Abyss:3  | Found a deep blue altar of Sif Muna.
 64106 | Abyss:3  | Found a deep blue altar of Sif Muna.
 64152 | Abyss:3  | Found a deep blue altar of Sif Muna.
 64180 | Abyss:3  | Found a corrupted altar of Lugonu.
 64187 | Abyss:3  | Received a gift from Trog
 64309 | Abyss:3  | Found a corrupted altar of Lugonu.
 64517 | Abyss:3  | Found a corrupted altar of Lugonu.
 64750 | Abyss:3  | Received a gift from Trog
 64753 | Abyss:3  | Got a shimmering war axe {god gift}
 64760 | Abyss:3  | Identified the +5 war axe "Laon" {drain, +Inv rN+ MR-} (Trog gifted it to you on level 3 of the Abyss)
 64761 | Abyss:3  | Identified the +4 war axe "Nutigy" {flame, Stlth+} (Trog gifted it to you on level 2 of the Abyss)
 65054 | Abyss:3  | Gained mutation: You have a pair of large horns on your head. [a cacodemon]
 65056 | Abyss:3  | Reached XP level 24. HP: 228/235 MP: 27/27
 65222 | Abyss:3  | Found a shadowy altar of Dithmenos.
 65374 | Abyss:3  | Gained mutation: You are frail. (-10% HP) [a neqoxec]
 65490 | Abyss:3  | Paralysed by accursed screaming for 1 turns
 65612 | Abyss:3  | Received a gift from Trog
 65661 | Abyss:3  | Got a clouded bone ring
 65739 | Abyss:3  | Identified the ring of Nido {rN+ MR+} (You found it on level 3 of the Abyss)
 65867 | Abyss:3  | Received a gift from Trog
 66188 | Abyss:3  | Paralysed by you for 2 turns
 66215 | Abyss:3  | Paralysed by accursed screaming for 1 turns
 66227 | Abyss:3  | Gained mutation: You are dopey. (Int -2) [a neqoxec]
 66231 | Abyss:3  | Received a gift from Trog
 66403 | Abyss:3  | Found a shattered altar of Ashenzari.
 66427 | Abyss:3  | Gained mutation: You are clumsy. (Dex -2) [a cacodemon]
 66479 | Abyss:3  | Received a gift from Trog
 66490 | Abyss:3  | Paralysed by accursed screaming for 1 turns
 66491 | Abyss:3  | Lost intelligence.
 66494 | Abyss:3  | Annihilated by a very large slime creature

Skill      XL: |  1  2  3  4  5  6  7  8  9 10 11 12 13 14 15 16 17 18 19 20 21 22 23 24 |
---------------+-------------------------------------------------------------------------+-----
Shields        | 4 5 6 |  6.1
Armour         | 4 5 9 11 13 14 15 17 18 19 20 21 23 24 | 24.0
Fighting       | 4 5 9 11 13 14 15 17 18 19 20 21 23 24 | 24.0
Axes           | 3 4 5 7 11 14 17 19 22 23 24 25 26 | 26.7
Spellcasting   | 1 |  1.1
Maces & Flails | 5 7 |  7.2
Evocations     | 3 6 |  6.9
Dodging        | 5 8 10 12 13 15 16 18 19 20 | 20.6

Action                   |  1- 3 |  4- 6 |  7- 9 | 10-12 | 13-15 | 16-18 | 19-21 | 22-24 || total
-------------------------+-------+-------+-------+-------+-------+-------+-------+-------++-------
Melee: War axe           |    99 |    31 |       |       |       |       |       |       ||   130
       Headbutt          |    10 |    21 |    60 |   129 |   363 |   268 |   316 |   404 ||  1571
       Broad axe         |       |    71 |   234 |       |       |       |       |       ||   305
       Flail             |       |       |    75 |   638 |   528 |   110 |       |       ||  1351
       Battleaxe         |       |       |       |       |   698 |  1043 |  1104 |  1448 ||  4293
Invok: Berserk           |       |       |       |     9 |    26 |    19 |    16 |    12 ||    82
       Burn Spellbooks   |       |       |       |     1 |     1 |     4 |     2 |     7 ||    15
       Trog's Hand       |       |       |       |     2 |    19 |    19 |    20 |    44 ||   104
       Brothers in Arms  |       |       |       |       |     2 |     5 |     2 |    11 ||    20
 Abil: Evoke Invisibilit |       |       |       |       |       |       |     1 |       ||     1
Evoke: Wand              |       |       |       |       |     3 |     1 |     3 |     7 ||    14
  Use: Scroll            |       |     3 |    12 |     3 |    12 |    14 |     4 |    13 ||    61
       Potion            |       |     1 |     5 |       |     4 |     4 |     3 |    18 ||    35
 Stab: Distracted        |       |       |       |       |       |     2 |       |     4 ||     6
       Invisible         |       |       |       |       |       |     1 |     3 |     1 ||     5
  Eat: Chunk             |     4 |     5 |    15 |    26 |    57 |    25 |    50 |    18 ||   200
       Ration            |       |       |       |     5 |     5 |    15 |     5 |    14 ||    44
Armor: Scale mail        |    39 |    47 |    37 |       |       |       |       |       ||   123
       Ring mail         |       |       |    79 |       |       |       |       |       ||    79
       Crystal plate arm |       |       |     9 |   402 |   807 |   875 |   559 |   755 ||  3407
Dodge: Dodged            |    19 |    42 |    98 |    30 |   260 |   536 |   544 |  1005 ||  2534
Block: Shield            |    50 |    57 |   162 |   282 |   251 |       |       |       ||   802
